 Dungeon Crawl Stone Soup version 0.16-a0-395-g6404e95 (console) character file.

1 gw the Caller (level 1, 0/9 HPs)
             Began as a Deep Elf Summoner on Sept 14, 2014.
             Slain by a rat (1 damage)
             ... on Level 1 of the Dungeon.
             The game lasted 00:01:02 (385 turns).

gw the Caller (Deep Elf Summoner)                    Turns: 385, Time: 00:01:02

HP   0/9         AC  8     Str  5      XL: 1   Next: 16%
MP   0/5         EV  0     Int 19      God:
Gold 0           SH  0     Dex 15      Spells:  1 memorised,  5 levels left

rFire  . . .     SeeInvis .     (no weapon)
rCold  . . .     Clarity  .     d - +0 chain mail
rNeg   . . .     rCorr    .     (no shield)
rPois  .         rRot     .     (no helmet)
rElec  .         Spirit   .     (no cloak)
SustAb .         Warding  .     (no gloves)
rMut   .         Stasis   .     (no boots)
Gourm  .                        (no amulet)
MR     .....                    (no ring)
                                (no ring)

@: slightly contaminated, glowing, not resistant to hostile enchantments,
extremely unstealthy
A: frail 1
a: no special abilities


You were on level 1 of the Dungeon.
You were not hungry.

You visited 1 branch of the dungeon, and saw 1 of its levels.

Inventory:

Missiles
 f - 14 arrows
Armour
 d - a +0 chain mail (worn)
Comestibles
 c - a bread ration
Scrolls
 e - a scroll of fog {unknown}
Potions
 a - a potion of curing {unknown}
Books
 b - a book of Callings

   Spells                             Type                      Level
   *Summon Small Mammal               Summoning                    1
   Call Imp                           Summoning                    2
   Call Canine Familiar               Summoning                    3
   Summon Guardian Golem              Hexes/Summoning              4
   Summon Lightning Spire             Summoning/Air                4
   Summon Ice Beast                   Ice/Summoning                4


   Skills:
 + Level 0.2 Fighting
 + Level 0.0 Armour
 - Level 2.4 Dodging
 - Level 2.4 Stealth
 - Level 3.0 Spellcasting
 - Level 4.3 Summonings


You had 5 spell levels left.
You knew the following spells:

 Your Spells              Type           Power        Failure   Level  Hunger
a - Summon Small Mammal   Summ           ###.         100%        1    None


Dungeon Overview and Level Annotations

Branches:
Dungeon (1/15)

Altars:


Innate Abilities, Weirdness & Mutations

You are frail (-10% HP).


Message History

Attempting RANGED ATTACK TO (0,1) x2
Fight failed Unknown command.
MOVING TO (7,0)
The rat bites you.
FLEEEEING!
MOVING TO (6,-1) MOVING TO (5,-1) MOVING TO (4,-1) MOVING TO (3,-1) MOVING TO (2,-1)
Casting: Summon Small Mammal
Confirm with . or Enter, or press ? or * to list all spells.
You miscast Summon Small Mammal.
Your brain hurts!
The rat bites you but does no damage.
FLEEEEING!
MOVING TO (1,-1) MOVING TO (-8,1)
The rat bites you.
You die...

....#...#.........###..#
........#.##......##...#
............(.....##.#.#
#.##..###.#######.##.#.#
#.........# #......#
####..####### ######.###
##..####.. ..# #.#
......#(#####.# #.#
.##.##.#.##.##e###.#
#......#..!.r....#
####.........#####
#.#)#...#.# ...#.......#
#############


You could see a rat.

Table legend:
 A = Turns spent in this place as a percentage of turns spent in the entire game.
 B = Non-inter-level travel turns spent in this place as a percentage of non-inter-level travel turns spent in the entire game.
 C = Inter-level travel turns spent in this place as a percentage of turns spent in this place.
 D = Turns resting spent in this place as a percentage of non-inter-level travel turns spent in this place.
 E = Turns spent auto-exploring this place as a percentage of non-inter-level travel turns spent in this place.
 F = Non-inter-level travel turns spent in this place divided by the number of levels of this place that you've seen.
                   A       B       C       D       E      F
               +-------+-------+-------+-------+-------+----------------------
         Total | 100.0 | 100.0 |   0.0 |   0.0 |   1.8 | 496.0
       Dungeon | 100.0 | 100.0 |   0.0 |   0.0 |   1.8 | 496.0
               +-------+-------+-------+-------+-------+----------------------

Table legend:
 A = Kills in this place as a percentage of kills in entire the game.
 B = Kills by you in this place as a percentage of kills by you in the entire game.
 C = Kills by friends in this place as a percentage of kills by friends in the entire game.
 D = Other kills in this place as a percentage of other kills in the entire game.
 E = Experience gained in this place as a percentage of experience gained in the entire game.
 F = Experience gained in this place divided by the number of levels of this place that you have seen.
                   A       B       C       D       E      F
               +-------+-------+-------+-------+-------+----------------------
         Total | 100.0 |  -nan | 100.0 |  -nan | 100.0 |   2.0
       Dungeon | 100.0 |  -nan | 100.0 |  -nan | 100.0 |   2.0
               +-------+-------+-------+-------+-------+----------------------

Vanquished Creatures (collateral kills)
  A giant cockroach (D:1)
  A rat (D:1)
2 creatures vanquished.

Notes
Turn   | Place    | Note
--------------------------------------------------------------
     0 | D:1      | gw, the Deep Elf Summoner, began the quest for the Orb.
     0 | D:1      | Reached XP level 1. HP: 10/10 MP: 5/5
   359 | D:1      | Gained mutation: You are frail (-10% HP). [mutagenic glow]
   385 | D:1      | Slain by a rat

Action                   || total
-------------------------++-------
 Cast: Summon Small Mamm ||     7

Vault maps used:
D:1:      nagdon_arrival_double_spiral
